 Dungeon Crawl Stone Soup version 0.24-a0-504-gcfb02b9 (webtiles) character file.

Game seed: 6070120255024077951

37 sighowe the Ruffian (level 3, -9/28 HPs)
             Began as a Draconian Transmuter on July 17, 2019.
             Killed from afar by a jackal (37 damage)
             ... with an exploding inner flame
             ... hexed by the player character
             ... on level 1 of the Dungeon.
             The game lasted 00:02:54 (1198 turns).

sighowe the Ruffian (Draconian Transmuter)          Turns: 1198, Time: 00:02:54

Health: -9/28      AC:  5    Str: 13    XL:     3   Next: 21%
Magic:  6/6        EV: 12    Int: 13    God:
Gold:   70         SH:  0    Dex: 11    Spells: 3/6 levels left

rFire    . . .     SeeInvis .   d - +2 short sword (speed)
rCold    . . .     Gourm    .   (no shield)
rNeg     . . .     Faith    .   (armour unavailable)
rPois    .         Spirit   .   (helmet restricted)
rElec    .         Reflect  .   (no cloak)
rCorr    +         Harm     .   (no gloves)
MR       .....                  (no boots)
Stlth    +.........             (no amulet)
HPRegen  0.09/turn              b - ring of resist corrosion
MPRegen  0.10/turn              (no ring)

@: no status effects
A: unfitting armour, cold-blooded, AC +5
a: no special abilities


You were on level 1 of the Dungeon.
You were not hungry.

You visited 1 branch of the dungeon, and saw 1 of its levels.

You collected 70 gold pieces.

Inventory:

Hand Weapons
 d - a +2 short sword of speed (weapon)
Missiles
 a - 11 arrows
Jewellery
 b - a ring of resist corrosion (left hand)
Comestibles
 c - 2 rations


   Skills:
 + Level 1.1 Fighting
 + Level 2.1 Dodging
 + Level 0.1 Stealth
 + Level 3.6 Unarmed Combat
 + Level 2.3 Spellcasting
 + Level 2.3 Transmutations


You had 3 spell levels left.
You knew the following spells:

 Your Spells              Type           Power        Failure   Level  Hunger
a - Beastly Appendage     Tmut           #.....       10%         1    ##.....
b - Sticks to Snakes      Tmut           #.......     14%         2    ###....

Your spell library contained the following spells:

 Spells                   Type           Power        Failure   Level  Hunger
 Spider Form              Tmut/Pois      #.........   41%         3    ####...
 Ice Form                 Ice/Tmut       #.......     83%         4    #####..
 Blade Hands              Tmut           #.........   95%         5    ######.


Dungeon Overview and Level Annotations

Branches:
Dungeon (1/15)

Altars:


Innate Abilities, Weirdness & Mutations

Your plain brown scales are hard. (AC +5)
You cannot fit into any form of body armour.
You are cold-blooded and may be slowed by cold attacks.


Message History

The jackal barks!
You hear a bark! x2; You hear a shout!
A leopard gecko comes into view.
The leopard gecko hisses angrily.
As you read the scroll labeled DEANGEST CANYPH, it crumbles to dust.
The creatures around you are filled with an inner flame!
It was a scroll of immolation.
The jackal misses you.
You closely miss the jackal.
A jackal comes into view.
The jackal barely misses you.
You barely miss the jackal. The jackal misses you.
You hit the jackal.
The jackal is almost dead.
The jackal closely misses you.
A jackal comes into view.
The jackal barks!
You hit the jackal.
The jackal explodes!
The fiery explosion engulfs you!!!
Ouch! That really hurt!
You die...

.# .# (# .h h# l#
####§# #..@§#
#..###
#.##+##..########
.................
. #.
###.#...########
.##.### #...#.#
...... ###.#.#
#####.### #.#.#
##..##..##
###.#.#
##........#


You could see a leopard gecko (inner flame) and 2 jackals.

Vanquished Creatures
  3 dart slugs (D:1)
  A leopard gecko (D:1)
  3 giant cockroaches (D:1)
  3 goblins (D:1)
  2 hobgoblins (D:1)
  4 jackals (D:1)
  2 kobolds (D:1)
  3 bats (D:1)
  2 frilled lizards (D:1)
  4 rats (D:1)
27 creatures vanquished.

Notes
Turn   | Place    | Note
-------+----------+-------------------------------------------
     0 | D:1      | sighowe the Draconian Transmuter began the quest for the
                  | Orb.
     0 | D:1      | Reached XP level 1. HP: 16/16 MP: 3/3
    66 | D:1      | Reached XP level 2. HP: 22/23 MP: 5/5
   680 | D:1      | Reached XP level 3. HP: 5/28 MP: 4/6
  1002 | D:1      | Learned a level 2 spell: Sticks to Snakes
  1198 | D:1      | Killed from afar by a jackal

Levels and vault maps discovered:
D:1:      mrwooster_arrival_statue_3, layout_loops_ring,
          chequers_serial_rivers_room_b, roderic_filled_cross, st_stairs_5,
          dk_noncrumbling_3

Skill      XL: |  1  2 |
---------------+-------+-----
Dodging        | 2 |  2.1
Fighting       | |  1.1
Stealth        | |  0.1
Unarmed Combat | |  3.6
Spellcasting   | |  2.3
Transmutations | |  2.3

Action                   || total
-------------------------++-------
Melee: Unarmed           ||    67
       Kick              ||     1
       Headbutt          ||     5
       Tailslap          ||     3
       Short sword       ||    16
       Punch             ||     1
 Cast: Beastly Appendage ||    10
       Sticks to Snakes  ||     1
  Use: Scroll            ||     3
  Eat: Chunk             ||     1
Armor: Skin              ||    29
Dodge: Dodged            ||    79

Table legend:
 A = Non-vault XP
 B = Vault XP
 C = Vault XP percentage of total XP
 D = Non-vault monster count
 E = Vault monster count
 F = Vault count percentage of total count
                 A         B        C        D         E       F
            +---------+---------+-------+---------+---------+-------
      Total |      50 |       3 |   5.7 |      25 |       2 |   7.4
            +---------+---------+-------+---------+---------+-------
        D:1 |      50 |       3 |   5.7 |      25 |       2 |   7.4
            +---------+---------+-------+---------+---------+-------
